 Dungeon Crawl Stone Soup version 0.29-a0-298-g3c90f9a769 (webtiles) character file.

Game seed: 8707554705547841779

28 Dabor the Stinger (level 2, 0/12 (15) HPs)
             Began as a Deep Elf Venom Mage on Mar 23, 2022.
             Slain by Terence
             ... wielding the +7 Throatcutter {drain, coup de grace}
              (2 damage)
             ... on level 2 of the Dungeon.
             The game lasted 00:00:56 (1444 turns).

Dabor the Stinger (Deep Elf Venom Mage)             Turns: 1444, Time: 00:00:56

HP:   0/12 (15)     AC:  3    Str:  5    XL:     2   Next: 96%
MP:   4/8           EV: 13    Int: 19    God:
Gold: 27            SH:  0    Dex: 15    Spells: 4/7 levels left

rFire   . . .      SeeInvis .   (no weapon)
rCold   . . .      Faith    .   (no shield)
rNeg    . . .      Spirit   .   a - +0 robe
rPois   .          Reflect  .   (no helmet)
rElec   .          Harm     .   d - +0 cloak
rCorr   .          Rampage  .   (no gloves)
Will    .....                   (no boots)
Stlth   ++........              (no amulet)
HPRegen 0.04/turn               (no ring)
MPRegen 0.11/turn               (no ring)

@: heavily drained
A: no striking features
a: no special abilities


You were on level 2 of the Dungeon.
You visited 1 branch of the dungeon, and saw 2 of its levels.

You collected 27 gold pieces.

Inventory:

Armour
 a - a +0 robe (worn)
 d - a +0 cloak (worn)
Jewellery
 h - an amulet of the acrobat
 i - a ring of flight
Scrolls
 e - a scroll of identify {unknown}
 f - a scroll of immolation {unknown}
Potions
 b - a potion of magic
 c - 2 potions of curing {unknown}
 g - a potion of flight {unknown}
 j - a potion of lignification {unknown}
 k - a potion of degeneration {unknown}


   Skills:
 + Level 2.8 Dodging
 + Level 2.9 Stealth
 + Level 3.4 Spellcasting
 + Level 1.7 Transmutations
 + Level 3.6 Poison Magic


You had 4 spell levels left.
You knew the following spells:

 Your Spells              Type           Power      Damage    Failure   Level
a - Sting                 Tmut/Pois      52%        1d5       4%          1
b - Poisonous Vapours     Pois/Air       20%        N/A       11%         2

Your spell library contained the following spells:

 Spells                   Type           Power      Damage    Failure   Level
 Mephitic Cloud           Conj/Pois/Air  7%         N/A       26%         3
 Olgreb's Toxic Radiance  Pois           16%        N/A       32%         4


Dungeon Overview and Level Annotations

Branches:
Dungeon (2/15)

Altars:

Annotations:
D:2 Terence


Message History

Done exploring.
Search for what [? for help]? .
(D) Dungeon
Where to? (Enter - D:1 @ (x,y), ? - help)
There is a stone staircase leading down here.
You climb downwards.
There is a stone staircase leading up here.
Terence is nearby!
Casting: Sting (safe; 4% risk of failure)
Confirm with . or Enter, or press ? or * to list all spells.
You don't know that spell.
Unknown command.
Terence shouts!
You climb upwards.
There is a stone staircase leading down here.
Memorise Poisonous Vapours, consuming 2 spell levels and leaving 4?
You start memorising the spell.
You continue memorising. x2
You finish memorising.
Spell assigned to 'b'.
You climb downwards.
Level annotation: Terence
There is a stone staircase leading up here.
The sting hits Terence but does no damage.
Terence is poisoned.
Terence closely misses you.
The sting hits Terence.
Terence looks even sicker.
Terence is lightly wounded.
An endoplasm comes into view.
Terence hits you with the +7 Throatcutter {drain, coup de grace}.
You feel drained.
The sting hits Terence.
Terence looks even sicker.
Terence is moderately wounded.
The endoplasm quivers.
Terence hits you but does no damage.
You feel drained.
The sting hits Terence but does no damage.
Terence looks as sick as possible!
Terence is moderately wounded.
Terence hits you with the +7 Throatcutter {drain, coup de grace}!
Ouch! That really hurt!
* * * LOW HITPOINT WARNING * * *
You feel drained.
You die...

. #. .. .# .#
.###
########...#
......@@.#
^...........#
.P....P.....#
♣♣♣...♣♣♣P..#
♣P.P ...#
♣P.. ...#


PJ. ..# .... ..# You could see Terence (extremely poisoned) and an endoplasm.

Vanquished Creatures
  A dart slug (D:1)
  5 hobgoblins (D:1)
  4 jackals (D:1)
  5 kobolds (D:1)
  A quokka (D:1)
  3 ball pythons (D:1)
  2 frilled lizards (D:1)
  2 rats (D:1)
23 creatures vanquished.

Notes
Turn   | Place    | Note
-------+----------+-------------------------------------------
     0 | D:1      | Dabor the Deep Elf Venom Mage began the quest for the Orb.
     0 | D:1      | Reached XP level 1. HP: 10/10 MP: 6/6
   444 | D:1      | Reached XP level 2. HP: 7/15 MP: 2/8
  1433 | D:2      | Noticed Terence
  1439 | D:1      | Learned a level 2 spell: Poisonous Vapours
  1444 | D:2      | Slain by Terence

Illustrated notes

Levels and vault maps discovered:
D:1:      heliophobic_arrival_dark_side_of_the_moon, layout_loops_ring
D:2:      layout_loops_ring, serial_shops, shop,
          hellmonk_ecumenical_altar_zigzags, kennysheep_boxes, uniq_terence

Action                   || total
-------------------------++-------
Melee: Unarmed           ||    19
 Cast: Sting             ||    39
Armor: Robe              ||     9
Dodge: Dodged            ||    21

Table legend: (Time is in decaauts)
 A = Elapsed time spent in this place.
 B = Non-inter-level travel time spent in this place.
 C = Inter-level travel time spent in this place.
 D = Time resting spent in this place.
 E = Time spent auto-exploring this place.
 F = Levels seen in this place.
 G = Mean time per level.
                   A        B        C        D        E       F      G
               +--------+--------+--------+--------+--------+-----+--------+
         Total |   1444 |   1400 |     44 |      0 |   1252 |   2 |  722.0 |
       Dungeon |   1444 |   1400 |     44 |      0 |   1252 |   2 |  722.0 |
               +--------+--------+--------+--------+--------+-----+--------+

Top non-repeatable levels by time:
     D:1: 1438 daAuts
     D:2: 6 daAuts
